 Dungeon Crawl Stone Soup version 0.24-a0-539-g6aae15eeb0 (webtiles) character file.

Game seed: 13709948321080746785

70 Chiseanne the Magician (level 4, 30/30 HPs)
             Began as a Demonspawn Wizard on Aug 17, 2019.
             Quit the game on level 2 of the Dungeon.
             The game lasted 00:03:42 (1989 turns).

Chiseanne the Magician (Demonspawn Wizard)          Turns: 1989, Time: 00:03:43

Health: 30/30      AC:  3    Str:  7    XL:     4   Next: 3%
Magic:  3/9        EV: 12    Int: 21    God:
Gold:   82         SH:  0    Dex: 11    Spells: 1/10 levels left

rFire    + . .     SeeInvis .   k - +0 rapier
rCold    . . .     Gourm    .   (no shield)
rNeg     . . .     Faith    .   a - +0 robe
rPois    .         Spirit   .   b - +1 hat
rElec    .         Reflect  .   (no cloak)
rCorr    .         Harm     .   (no gloves)
MR       .....                  (no boots)
Stlth    ++........             g - amulet of regeneration
HPRegen  0.50/turn              (no ring)
MPRegen  0.11/turn              (no ring)

@: very slightly contaminated
A: horns 1, fire resistance 1
a: no special abilities


You were on level 2 of the Dungeon.
You were not hungry.

You visited 1 branch of the dungeon, and saw 2 of its levels.

You collected 82 gold pieces.

Inventory:

Hand Weapons
 k - a +0 rapier (weapon)
Missiles
 h - 14 stones (quivered)
 i - 10 poisoned darts
 j - 20 sling bullets
 m - 47 arrows
Armour
 a - a +0 robe (worn)
 b - a +1 hat (worn)
Jewellery
 g - an amulet of regeneration (around neck)
Potions
 f - a potion of might
Comestibles
 c - a chunk of flesh
 d - 4 rations


   Skills:
 - Level 1.7 Dodging
 - Level 1.7 Stealth
 * Level 3.9 Spellcasting
 * Level 2.8 Conjurations
   Level 1.0 Summonings
 - Level 0.8 Translocations


You had one spell level left.
You knew the following spells:

 Your Spells              Type           Power        Failure   Level  Hunger
a - Magic Dart            Conj           ###.         3%          1    None
b - Blink                 Tloc           N/A          13%         2    #......
c - Conjure Flame         Conj/Fire      ##......     21%         3    ###....
d - Mephitic Cloud        Conj/Pois/Air  #.......     26%         3    ###....

Your spell library contained the following spells:

 Spells                   Type           Power        Failure   Level  Hunger
 Call Imp                 Summ           #.......     12%         2    #......
 Slow                     Hex            #.......     19%         2    #......


Dungeon Overview and Level Annotations

Branches:
Dungeon (2/15)

Altars:
Ashenzari


Innate Abilities, Weirdness & Mutations

You have a pair of small horns on your head.
Your flesh is heat resistant. (rF+)


Message History

The adder hisses angrily.
Casting: Magic Dart (safe; 4% risk of failure)
Confirm with . or Enter, or press ? or * to list all spells.
Aiming: Magic Dart (safe; 4% risk of failure)
Press: ? - help, Shift-Dir - straight line, f/p - adder
Aim: an adder (moderately wounded)
The magic dart hits the adder.
The adder is severely wounded.
Casting: Magic Dart (safe; 4% risk of failure)
Confirm with . or Enter, or press ? or * to list all spells.
Aiming: Magic Dart (safe; 4% risk of failure)
Press: ? - help, Shift-Dir - straight line, f/p - adder
Aim: an adder (severely wounded)
The magic dart hits the adder.
You kill the adder!
You have reached level 4!
You feel clever.
Your demonic ancestry asserts itself...
A pair of horns grows on your head!
Unknown command.
Are you sure you want to abandon this character and quit the game? (Confirm with "yes".)

.†..####>####### .
...###.########
#..........†....
..#.####.######. #.#
#.# #.#
#.####.##########..
.....)†.....@....%..
.....(..############
...###### ##


There were no monsters in sight!

Vanquished Creatures
  3 adders (D:2)
  A dart slug (D:1)
  6 bats
  A giant cockroach (D:2)
  4 goblins (D:2)
  5 hobgoblins
  3 jackals (D:2)
  5 frilled lizards
  9 kobolds
  5 rats
42 creatures vanquished.

Notes
Turn   | Place    | Note
-------+----------+-------------------------------------------
     0 | D:1      | Chiseanne the Demonspawn Wizard began the quest for the
                  | Orb.
     0 | D:1      | Reached XP level 1. HP: 13/13 MP: 4/4
   523 | D:1      | Gained mutation: Your flesh is heat resistant. (rF+)
                  | [demonic ancestry]
   523 | D:1      | Reached XP level 2. HP: 14/19 MP: 0/6
  1005 | D:1      | Found a shattered altar of Ashenzari.
  1169 | D:2      | Reached XP level 3. HP: 24/24 MP: 4/8
  1646 | D:2      | Learned a level 2 spell: Blink
  1650 | D:2      | Learned a level 3 spell: Conjure Flame
  1682 | D:2      | Learned a level 3 spell: Mephitic Cloud
  1988 | D:2      | Gained mutation: You have a pair of small horns on your
                  | head. [demonic ancestry]
  1988 | D:2      | Reached XP level 4. HP: 30/30 MP: 3/9
  1989 | D:2      | Quit the game

Levels and vault maps discovered:
D:1:      zelgadis_glass_arrival_small, layout_rooms, hangedman_glass_teeth,
          grunt_decor_fettered, evilmike_ruin_ashenzari
D:2:      layout_loops_ring, kennysheep_nondescript, uniq_natasha

Skill      XL: |  1  2 |
---------------+-------+-----
Conjurations   | 2 |  2.8
Dodging        | |  1.7
Stealth        | |  1.7
Spellcasting   | |  3.9
Summonings     | |  1.0
Translocations | |  0.8

Action                   |  1- 3 |  4- 6 || total
-------------------------+-------+-------++-------
Melee: Unarmed           |    12 |       ||    12
       Club              |    34 |       ||    34
 Cast: Magic Dart        |    98 |     1 ||    99
  Use: Scroll            |     6 |       ||     6
  Eat: Chunk             |     3 |       ||     3
Armor: Robe              |    31 |       ||    31
Dodge: Dodged            |    75 |       ||    75

Table legend:
 A = Non-vault XP
 B = Vault XP
 C = Vault XP percentage of total XP
 D = Non-vault monster count
 E = Vault monster count
 F = Vault count percentage of total count
                 A         B        C        D         E       F
            +---------+---------+-------+---------+---------+-------
      Total |     100 |       0 |   0.0 |      42 |       0 |   0.0
            +---------+---------+-------+---------+---------+-------
        D:1 |      24 |       0 |   0.0 |      16 |       0 |   0.0
        D:2 |      76 |       0 |   0.0 |      26 |       0 |   0.0
            +---------+---------+-------+---------+---------+-------
